Unix NetHack Version 5.0.0-0 post-release - last build Jun 10 2026 00:39:30 (3ee93aec679c4c4259841fe613dc97188e26a321,branch:main).

Game began 2026-07-06 07:23:35, ended 2026-07-06 08:23:16.

Edouard, neutral male human Wizard

                        ---------------------------------     --------
 -------                |..................))...........|#    |......|
 |..>...####            |.----....-----.----|--..-----..|#####.......|
 |.....|   ####        #|.|..|---.|...|.+  |..|..|(!(|...###  |.<....|
 |.....-########### ####|.|..|..|.|._.|.|  |..|..|(((|..|###  |......|
 -----.-       #########..--||..|.|...|.--------.|...|..|#### -......|
      #     #    #      |....|..|.|...-....-...|.---|-..|###  --------
      #    # #          |.{..--|-)----|....|...|........|  u
    ###   #             ...........| .|+--.-----..-----.|  @
    #    #              |....-|-...-..|...........-.%%|.| ####%#######
    #   #              #|.--+|..|.----|..|--|-....|.%.|.|  # --------.---
    #  #               #..|..|..|.|./.|--|(..|---.-----.|  # |..........|
   -.-.-               #|.|...---.|.%!|..|...|  +.......|  ##....^......|
   |...|               #|....|....+.!?|..|..*|  |.......|    |..........|
   |...|  #            #|.-.--....------|--------.....{.|    ------------
   |....################|.....[.....)...)...............|
   -----               #---------------------------------

Edouard the Thaumaturge   St:12 Dx:13 Co:14 In:15 Wi:15 Ch:9  Neutral
Dlvl:6  $:67 HP:0(53) Pw:64(77) AC:9  Xp:7 T:4016  Burdened

Latest messages:
 You see here an iron skull cap.
 You have a little trouble lifting an iron skull cap.  Continue? [ynq] (q) y
 You have a little trouble lifting V - an iron skull cap.
 Your movements are slowed slightly because of your load.
 You see here a rusty iron skull cap.
 You see here a curved sword.
 You see here a dagger.
 You hear someone beseeching Anhur.
 The priestess of Anhur intones:
 "Pilgrim, you enter a sacred place!"
 You have a forbidding feeling...
 The white unicorn butts!
 The white unicorn kicks!
 The white unicorn butts!
 The white unicorn kicks!
 You see here an arrow.
 You fall into a pit!
 You land on a set of sharp iron spikes!
 You are still in a pit.
 You are still in a pit.
 You feel wise!
 You must have been very observant.
 You are still in a pit.
 You are still in a pit.
 You hear the chime of a cash register.
 You are still in a pit.
 You crawl to the edge of the pit.
 The snake bites!
 The snake bites!
 In what direction? h
 The spell misses the snake.
 The spell hits it!
 It screams!
 The snake bites!
 The snake's bite was poisoned!
 In what direction? h
 The spell hits the snake!
 You kill the snake!
 You see here a snake corpse.
 You hear someone praising Anhur.
 You see here a snake corpse.
 The white unicorn butts!
 The white unicorn kicks!
 The white unicorn butts!
 You die...
 Do you want your possessions identified? [ynq] (y) y
 Do you want to see your attributes? [ynq] (y) y
 Do you want an account of creatures vanquished? [ynaq] (y) y
 Do you want to see your conduct and achievements? [ynq] (y) y
 Do you want to see the dungeon overview? [ynq] (y) y

Inventory:
 Coins    ('$')
  $ - 67 gold pieces
 Weapons  (')')
  t - 9 +0 arrows
  O - 7 +0 silver arrows
  M - a +0 orcish dagger
  a - a blessed +4 quarterstaff (weapon in hands)
  v - the +1 Vorpal Blade (alternate weapon; not wielded)
 Armor    ('[')
  U - an uncursed +1 orcish helm
  V - an uncursed +0 orcish helm
  s - an uncursed +0 alchemy smock with text "Gehennom's Kitchen"
  b - an uncursed +0 cloak of magic resistance (being worn)
  T - an uncursed +0 elven mithril-coat
 Comestibles  ('%')
  Q - an uncursed clove of garlic
 Scrolls  ('?')
  j - an uncursed scroll of charging
  z - an uncursed scroll of confuse monster
  w - a blessed scroll of create monster
  i - an uncursed scroll of identify
  K - an uncursed scroll of teleportation
 Spellbooks  ('+')
  m - an uncursed spellbook of confuse monster
  l - a blessed spellbook of force bolt
  x - an uncursed spellbook of light
  J - an uncursed spellbook of magic mapping
 Potions  ('!')
  H - an uncursed potion of enlightenment
  p - an uncursed potion of fruit juice
  o - an uncursed potion of monster detection
  h - 2 uncursed potions of paralysis
  g - an uncursed potion of water
 Rings    ('=')
  e - an uncursed ring of poison resistance
  d - an uncursed ring of stealth
 Wands    ('/')
  c - a wand of digging (0:5)
  B - a wand of magic missile (0:4)
 Tools    ('(')
  n - a magic marker (0:19)
  R - a blessed partly used tallow candle
  I - an uncursed tin opener
  S - an uncursed tin whistle
 Gems/Stones  ('*')
  F - an uncursed amber stone
  G - 2 uncursed jacinth stones
  C - 2 uncursed worthless pieces of black glass
  r - an uncursed worthless piece of blue glass
  y - 2 uncursed worthless pieces of green glass
  P - 2 uncursed worthless pieces of orange glass
  E - 2 uncursed worthless pieces of violet glass
  A - 2 uncursed worthless pieces of white glass

Edouard the Wizard's attributes:

Background:
 You were a Thaumaturge, a level 7 male human Wizard.
 You were neutral, on a mission for Thoth
 who was opposed by Ptah (lawful) and Anhur (chaotic).
 You were right-handed.
 You were in the Gnomish Mines, on level 6.
 You entered the dungeon 4016 turns ago.
 You had 1179 experience points, 101 more were needed to attain level 8.

Basics:
 You had 0 out of 53 hit points.
 You had 64 out of 77 energy points (spell power).
 Your armor class was 9.
 Your wallet contained 67 zorkmids.
 Autopickup was off.

Final Characteristics:
 Your strength was 12 (limit:18/100).
 Your dexterity was 13 (limit:18).
 Your constitution was 14 (limit:18).
 Your intelligence was 15 (limit:18).
 Your wisdom was 15 (limit:18).
 Your charisma was 9 (limit:18).

Final Status:
 You weren't hungry.
 You were burdened; movement was slightly slowed.
 You were wielding a quarterstaff.
 You were skilled in quarterstaff.

Final Attributes:
 You were piously aligned.
 You were magic-protected.
 You were telepathic.
 You were warded.
 You are dead.

Miscellaneous:
 You didn't encounter any bones levels.
 Total elapsed playing time was 59 minutes and 40 seconds.

Major events:
 Turn
    1: Edouard the neutral male human Wizard entered the dungeon
  715: attained the rank of Conjurer (level 3)
 1113: found Vorpal Blade in a shop
 1728: attained the rank of Thaumaturge (level 6)
 1849: entered the Gnomish Mines
 3047: reached Mine Town
 4016: killed by a white unicorn

Spells:
 Name                 Level Category     Fail Retention
 force bolt             1   attack         0%   76%-80%
 confuse monster        1   enchantment    0%   71%-80%
 light                  1   divination     0%  76%-100%

Skills:
 Fighting Skills
   bare handed combat [Unskilled]
   riding             [Unskilled]
 Weapon Skills
   dagger             [Unskilled]
   knife              [Unskilled]
   axe                [Unskilled]
   short sword        [Unskilled]
   club               [Unskilled]
   mace               [Unskilled]
   quarterstaff       [Skilled]
   polearms           [Unskilled]
   spear              [Unskilled]
   trident            [Unskilled]
   sling              [Unskilled]
   dart               [Unskilled]
   shuriken           [Unskilled]
 Spellcasting Skills
   attack spells      [Skilled]
   healing spells     [Unskilled]
   divination spells  [Unskilled]
   enchantment spells [Basic]
   clerical spells    [Unskilled]
   escape spells      [Unskilled]
   matter spells      [Unskilled]

Voluntary challenges:
 Character rerolling was not enabled.
 You never genocided any monsters.
 You never polymorphed an object.
 You never changed form.
 You used no wishes.
Achievements:
 You attained the rank of Conjurer.
 You entered a shop.
 You attained the rank of Thaumaturge.
 You entered the Gnomish Mines.
 You entered Minetown.
 You entered a temple.

 The Dungeons of Doom: levels 1 to 4
    Level 1:
       Some fountains.
    Level 2:
    Level 3:
       A general store, a fountain.
       Stairs down to The Gnomish Mines.
    Level 4:
 The Gnomish Mines: levels 4 to 8
    Level 4:
    Level 5:
    Level 6: <- You were here.
       Many shops, a temple and an altar, some fountains.
       Final resting place for
          you, killed by a white unicorn.
    Level 7:
    Level 8:


Vanquished creatures:
  3 small mimics
  a lizard
  a dingo
  a dust vortex
  a snake
  a rock piercer
  2 ponies
  6 fog clouds
  a yellow light
  2 violet fungi
  4 gnome leaders
  3 gnomish wizards
  3 giant ants
  2 floating eyes
  2 kittens
  5 dwarves
  a kobold leader
  9 hill orcs
  3 giant bats
 an orc zombie
  a werejackal
 an iguana
  3 coyotes
  2 hobbits
  a large kobold
  a hobgoblin
 35 gnomes
  5 geckos
  3 jackals
  a fox
  a kobold
  a sewer rat
  4 grid bugs
  a bat
  5 lichens
  4 newts
121 creatures vanquished.

No species were genocided or became extinct.

Game over:
                       ----------
                      /          \
                     /    REST    \
                    /      IN      \
                   /     PEACE      \
                  /                  \
                  |     Edouard      |
                  |      67 Au       |
                  |   killed by a    |
                  |  white unicorn   |
                  |                  |
                  |                  |
                  |       2026       |
                 *|     *  *  *      | *
        _________)/\\_//(\/(/\)/\//\/|_)_______

Goodbye Edouard the Wizard...

You died in The Gnomish Mines on dungeon level 6 with 5127 points,
and 67 pieces of gold, after 4016 moves.
You were level 7 with a maximum of 53 hit points when you died.

